 Dungeon Crawl Stone Soup version 0.31-a0-1-g4198be8af4 (webtiles) character file.

Game seed: 12536747400168066806

10 Sobieck the Conjurer (level 2, 0/15 HPs)
             Began as a Deep Elf Conjurer on Apr 30, 2023.
             Constricted to death by a ball python (1 damage)
             ... on level 1 of the Dungeon.
             The game lasted 00:00:48 (310 turns).

Sobieck the Conjurer (Deep Elf Conjurer)             Turns: 310, Time: 00:00:49

Health: 0/15       AC:  2    Str:  4    XL:     2   Next: 10%
Magic:  6/9        EV:  9    Int: 22    God:
Gold:   30         SH:  0    Dex: 13    Spells: 8/9 levels left

rFire   . . .        e - +0 hand axe {axe}
rCold   . . .        (no shield)
rNeg    . . .        a - +0 robe
rPois   .            (no helmet)
rElec   .            (no cloak)
rCorr   .            (no gloves)
SInv    .            (no boots)
Will    .....        h - amulet of the acrobat
Stlth   +            (no ring)
HPRegen 0.22/turn    (no ring)
MPRegen 0.11/turn

%: acrobat
@: silenced, constricted
A: no striking features
a: no special abilities


You were on level 1 of the Dungeon.
You visited 1 branch of the dungeon, and saw 1 of its levels.

You collected 30 gold pieces.


   Skills:
 - Level 2.4 Dodging
 - Level 2.4 Stealth
 + Level 4.1 Spellcasting
 - Level 4.3 Conjurations


You had 8 spell levels left.
You knew the following spells:

 Your Spells              Type           Power      Damage    Failure   Level
a - Magic Dart            Conj           92%        1d7       1%          1

Your spell library contained the following spells:

 Spells                   Type           Power      Damage    Failure   Level
 Searing Ray              Conj           46%        2d6       2%          2
 Dazzling Flash           Conj/Hex       28%        N/A       14%         3
 Fulminant Prism          Conj/Hex       7%         3d7       41%         4
 Iskenderun's Mystic Bla  Conj/Tloc      14%        2d5       41%         4

Inventory:

Hand Weapons
 d - a +0 dagger {short}
   (You found it on level 1 of the Dungeon)
 e - a +0 hand axe (weapon) {axe}
   (You found it on level 1 of the Dungeon)
Missiles
 c - 4 stones {throwing}
Armour
 a - a +0 robe (worn)
 i - a +0 ring mail
   (You found it on level 1 of the Dungeon)
Jewellery
 h - an amulet of the acrobat (around neck)
   (You found it on level 1 of the Dungeon)
Potions
 b - 2 potions of magic
 f - a potion of heal wounds {unknown}

Dungeon Overview and Level Annotations

Branches:
Dungeon (1/15) Zot: 5685

Altars:

.. .........
#############h#############.#
#..†......Bh#.#...........#.#
#.####.####.#S#.####.####†#.#
#h#....#.# #.#....#.#
#B#S####.####.#.#.####.#
#.#..S.B......#.#.....).
#######.#############.########
..........hBS@................
###############...............
################


You could see a jackal, a giant cockroach and a ball python.


Message History

You kill the ball python!
You can't see any susceptible monsters within range! (Use Z to cast anyway.)
You see here a ball python corpse.
b - 2 potions of magic (gained 1)
A bat comes into view.
Danger!
The magic dart hits the bat.
You kill the bat!
You can't see any susceptible monsters within range! (Use Z to cast anyway.)
A jackal comes into view.
The jackal barks!
A ball python comes into view.
Danger!
The magic dart hits the jackal.
The ball python hisses angrily.
A jackal comes into view.
The magic dart hits the jackal.
The jackal barks!
A jackal comes into view.
The magic dart hits the jackal but does no damage.
The jackal barks!
The jackal stops to sniff the ground.
The magic dart hits the jackal.
A jackal comes into view.
Unknown command.
The magic dart hits the jackal!
You kill the jackal!
The magic dart hits the jackal.
You kill the jackal!
Training target 4.0 for Spellcasting reached!
Your Spellcasting skill increases to level 4!
You need to enable at least one skill for training.
You have reached level 2!
You closely miss the jackal. The jackal closely misses you.
The jackal barely misses you.
Unknown command.
You closely miss the jackal. The jackal bites you.
You barely miss the jackal.
The jackal bites you but does no damage.
The jackal closely misses you.
Unknown command.
You closely miss the jackal. The jackal barely misses you.
A giant cockroach comes into view.
The jackal bites you.
You closely miss the jackal. The jackal barely misses you.
The jackal closely misses you.
Unknown command.
You barely miss the jackal.
The jackal bites you but does no damage.
The jackal bites you.
You barely miss the jackal.
The jackal bites you but does no damage.
The jackal bites you.
You hit the jackal. The jackal bites you.
* * * LOW HITPOINT WARNING * * *
You hit the jackal but do no damage. The jackal misses you.
The jackal bites you.
* * * LOW HITPOINT WARNING * * *
Unknown command.
As you read the scroll labelled AQOLIU BENISM, it crumbles to dust.
A profound silence engulfs you.
It was a scroll of silence.
The jackal bites you.
* * * LOW HITPOINT WARNING * * *
The jackal misses you.
Okay, then.
Unknown command.
The jackal attacks as you move away! The jackal completely misses you.
The jackal misses you. The jackal closely misses you.
The jackal attacks as you move away! The jackal misses you.
The jackal misses you. The jackal misses you. The jackal completely misses you.
The jackal attacks as you move away! The jackal closely misses you.
The jackal attacks as you move away! The jackal completely misses you.
The jackal bites you.
* * * LOW HITPOINT WARNING * * *
The jackal attacks as you move away! The jackal completely misses you. x2
The jackal bites you but does no damage.
You barely miss the jackal. The jackal closely misses you.
Unknown command.
You hit the jackal. The jackal barely misses you.
The jackal bites you but does no damage.
Unknown command.
You hit the jackal.
You kill the jackal!
The ball python bites you.
* * * LOW HITPOINT WARNING * * *
The ball python grabs you. The ball python constricts you.
You hit the ball python but do no damage.
The ball python bites you.
* * * LOW HITPOINT WARNING * * *
The ball python constricts you.
* * * LOW HITPOINT WARNING * * *
Unknown command.
You hit the ball python. The ball python bites you.
* * * LOW HITPOINT WARNING * * *
The ball python constricts you.
You die...

Skill      XL: |  1 |
---------------+----+-----
Spellcasting   | 4 |  4.1
Dodging        | |  2.4
Stealth        | |  2.4
Conjurations   | |  4.3

Action                     || total
---------------------------++-------
  Melee: Hand axe          ||    14
   Cast: Magic Dart        ||    13
    Use: Scroll            ||     1
 Armour: Robe              ||     5
  Dodge: Dodged            ||    21

Levels and vault maps discovered:
D:1:      psy_arrival_wood_between_worlds, layout_loops_ring,
          hellmonk_ecumenical_altar_the_god_not_taken, roderic_lattice_a,
          moated_statue

Notes
Turn   | Place    | Note
-------+----------+-------------------------------------------
     0 | D:1      | Sobieck the Deep Elf Conjurer began the quest for the Orb.
     0 | D:1      | Reached XP level 1. HP: 10/10 MP: 6/6
   274 | D:1      | Reached skill level 4 in Spellcasting
   274 | D:1      | Reached XP level 2. HP: 15/15 MP: 1/9
   285 | D:1      | HP: 2/15 [jackal (3)]
   310 | D:1      | HP: 1/15 [ball python (3)]
   310 | D:1      | Constricted to death by a ball python

Vanquished Creatures
  A ball python (D:1)
  A bat (D:1)
  2 endoplasms (D:1)
  3 jackals (D:1)
  A frilled lizard (D:1)
8 creatures vanquished.

Table legend:
 A = Non-vault XP
 B = Vault XP
 C = Vault XP percentage of total XP
 D = Non-vault monster count
 E = Vault monster count
 F = Vault count percentage of total count
                 A         B        C        D         E       F
            +---------+---------+-------+---------+---------+-------
      Total |      15 |       0 |   0.0 |       8 |       0 |   0.0
            +---------+---------+-------+---------+---------+-------
        D:1 |      15 |       0 |   0.0 |       8 |       0 |   0.0
            +---------+---------+-------+---------+---------+-------

Skill      XL: |  1 |
---------------+----+-----
Spellcasting   | 4 |  4.1
Dodging        | |  2.4
Stealth        | |  2.4
Conjurations   | |  4.3

Action                     || total
---------------------------++-------
  Melee: Hand axe          ||    14
   Cast: Magic Dart        ||    13
    Use: Scroll            ||     1
 Armour: Robe              ||     5
  Dodge: Dodged            ||    21

Illustrated notes

Table legend:
 A = Kills in this place as a percentage of kills in the entire game.
 B = Kills by you in this place as a percentage of kills by you in the entire game.
 C = Kills by friends in this place as a percentage of kills by friends in the entire game.
 D = Other kills in this place as a percentage of other kills in the entire game.
 E = Experience gained in this place as a percentage of experience gained in the entire game.
 F = Experience gained in this place divided by the number of levels of this place that you have seen.
                   A       B       C       D       E      F
               +-------+-------+-------+-------+-------+----------------------
         Total | 100.0 | 100.0 |   N/A |   N/A | 100.0 |  15.0
       Dungeon | 100.0 | 100.0 |   N/A |   N/A | 100.0 |  15.0
               +-------+-------+-------+-------+-------+----------------------

Table legend: (Time is in decaauts)
 A = Elapsed time spent in this place.
 B = Non-inter-level travel time spent in this place.
 C = Inter-level travel time spent in this place.
 D = Time resting spent in this place.
 E = Time spent auto-exploring this place.
 F = Levels seen in this place.
 G = Mean time per level.
                   A        B        C        D        E       F      G
               +--------+--------+--------+--------+--------+-----+--------+
         Total |    313 |    313 |      0 |      0 |    242 |   1 |  313.0 |
       Dungeon |    313 |    313 |      0 |      0 |    242 |   1 |  313.0 |
               +--------+--------+--------+--------+--------+-----+--------+

Top non-repeatable levels by time:
     D:1: 313 daAuts
